 Dungeon Crawl Stone Soup version 0.21.0 (webtiles) character file.

63 Plasmagod the Grave Robber (level 3, -5/24 HPs)
             Began as a Mummy Necromancer on Jan 7, 2018.
             Slain by Crazy Yiuf
             ... wielding a +2 quarterstaff of chaos
              (6 damage)
             ... on level 2 of the Dungeon.
             The game lasted 00:08:11 (1781 turns).

Plasmagod the Grave Robber (Mummy Necromancer)      Turns: 1781, Time: 00:08:11

Health: -5/24      AC:  4    Str: 11    XL:     3   Next: 87%
Magic:  2/8        EV: 11    Int: 15    God:
Gold:   91         SH:  0    Dex: 12    Spells: 8/9 levels left

rFire    x . .     SeeInvis .   d - +0 club
rCold    + + .     Gourm    .   (no shield)
rNeg     + + +     Faith    .   e - +0 leather armour {rC+}
rPois    ∞         Spirit   .   g - +0 helmet
rElec    .         Reflect  .   (no cloak)
rCorr    .         Harm     .   (no gloves)
MR       .....                  (no boots)
Stlth    ++........             (no amulet)
HPRegen  0.08/turn              (no ring)
MPRegen  0.11/turn              (no ring)

@: no status effects
A: no food or potions, fire vulnerability, cold resistance 1, negative energy
resistance 3, torment resistance, unbreathing
a: no special abilities


You were on level 2 of the Dungeon.
You were not hungry.

You visited 1 branch of the dungeon, and saw 2 of its levels.

You collected 91 gold pieces.

Inventory:

Hand Weapons
 d - a +0 club (weapon)
Armour
 e - a +0 leather armour of cold resistance (worn)
 g - a +0 helmet (worn)
Scrolls
 a - 3 scrolls of teleportation
 c - a scroll of fog {unknown}
 f - 3 scrolls of identify
 h - a scroll of blinking {unknown}
 i - a scroll of enchant armour {unknown}
 j - 3 scrolls of remove curse
Books
 b - a book of Necromancy

   Spells                             Type                      Level
   a - Pain                           Necromancy                   1
   b - Animate Skeleton               Necromancy                   1
   c - Vampiric Draining              Necromancy                   3
   d - Regeneration                   Charms/Necromancy            3
   e - Animate Dead                   Necromancy                   4
   f - Borgnjor's Vile Clutch         Necromancy/Earth             5


   Skills:
 + Level 0.3 Armour
 + Level 1.7 Dodging
 + Level 1.7 Stealth
 + Level 0.1 Unarmed Combat
 + Level 3.5 Spellcasting
 + Level 4.9 Necromancy


You had 8 spell levels left.
You knew the following spells:

 Your Spells              Type           Power        Failure   Level  Hunger
a - Pain                  Necr           ###.         3%          1    N/A

Dungeon Overview and Level Annotations

Branches:
Dungeon (2/15)

Altars:

Annotations:
D:2 Crazy Yiuf


Innate Abilities, Weirdness & Mutations

You do not eat or drink.
Your flesh is vulnerable to fire.
You are immune to poison.
Your flesh is cold resistant. (rC+)
You are immune to negative energy. (rN+++)
You are immune to unholy pain and torment.
You can survive without breathing.


Message History

Crazy Yiuf hits you with a quarterstaff of chaos.
* * * LOW HITPOINT WARNING * * *
Crazy Yiuf burns you.
* * * LOW HITPOINT WARNING * * *
Casting: Pain
Confirm with . or Enter, or press ? or * to list all spells.
Aiming: Pain
Press: ? - help, Shift-Dir - straight line, f/p - Crazy Yiuf
Aim: Crazy Yiuf, wielding a quarterstaff of chaos and wearing a cloak (heavily wounded, chance to defeat MR: 82%) Crazy Yiuf writhes in agony!
Crazy Yiuf says, "Crazy?
Crazy!?
PORCUPINE!"
Crazy Yiuf closely misses you.
Casting: Pain
Confirm with . or Enter, or press ? or * to list all spells.
Aiming: Pain
Press: ? - help, Shift-Dir - straight line, f/p - Crazy Yiuf
Aim: Crazy Yiuf, wielding a quarterstaff of chaos and wearing a cloak (severely wounded, chance to defeat MR: 82%) Crazy Yiuf writhes in agony!
Crazy Yiuf hits you with a quarterstaff of chaos.
You die...

# #.....#
#....# #
#.....# #....#
# #######
#....# # #...##
##.## #.##
############
##.#
#..........#
#.##
##########.#
##@# ##### #.#
#g# #...# #.#
... ###.# #.#
###### #...#
#.# #.# .....#
#..)# #.# #.#
####.# #####
#.# #.# .###.#
#.### #.#
.....# ###
######...####..
.##..# #.#
#........>....#


You could see Crazy Yiuf.

Vanquished Creatures
  2 adders (D:2)
  An ooze (D:1)
  A worm (D:2)
  2 dart slugs
  2 giant cockroaches (D:1)
  4 goblins (D:1)
  5 hobgoblins
  2 quokkas (D:2)
  6 bats
  A frilled lizard (D:1)
  3 kobolds
  5 rats
34 creatures vanquished.

Notes
Turn   | Place    | Note
-------+----------+-------------------------------------------
     0 | D:1      | Plasmagod the Mummy Necromancer began the quest for the Orb.
     0 | D:1      | Reached XP level 1. HP: 13/13 MP: 4/4
   426 | D:1      | Reached XP level 2. HP: 12/19 MP: 0/5
  1204 | D:2      | Reached XP level 3. HP: 18/24 MP: 2/7
  1767 | D:2      | Found a runed door.
  1771 | D:2      | Noticed Crazy Yiuf
  1779 | D:2      | HP: 1/24 [Crazy Yiuf/quarterstaff of chaos (3)]
  1781 | D:2      | Slain by Crazy Yiuf

Skill      XL: |  1  2 |
---------------+-------+-----
Spellcasting   | 3 |  3.5
Armour         | |  0.3
Dodging        | |  1.7
Stealth        | |  1.7
Unarmed Combat | |  0.1
Necromancy     | |  4.9

Action                   || total
-------------------------++-------
Melee: Unarmed           ||     5
       Club              ||    46
 Cast: Pain              ||    69
  Use: Scroll            ||     2
Armor: Leather armour    ||    32
Dodge: Dodged            ||    61
